 Dungeon Crawl Stone Soup version 0.13-a0-2477-geaae114 (webtiles) character file.

843 JogiH the Magician (level 7, -1/59 HPs)
             Began as a Djinni Wizard on July 19, 2013.
             Was a Follower of Sif Muna.
             Slain by a water moccasin (3 damage)
             ... on Level 5 of the Dungeon.
             The game lasted 00:19:51 (8221 turns).

JogiH the Magician (Djinni Wizard)                  Turns: 8221, Time: 00:19:51

HP  -1/59        AC  3     Str  8      XL: 7   Next: 15%
MP   0/0         EV 12     Int 20      God: Sif Muna [*.....]
Gold 254         SH  0     Dex 11      Spells:  5 memorised,  8 levels left

Res.Fire  : + + +   See Invis. : .   f - +0 spear
Res.Cold  : x . .   Warding    : .   a - +0 robe
Life Prot.: + + +   Conserve   : .   (no shield)
Res.Poison: .       Res.Corr.  : .   b - +0 wizard hat
Res.Elec. : .       Clarity    : .   q - +0 cloak
Sust.Abil.: . .     Spirit.Shd : .   (no gloves)
Res.Mut.  : .       Stasis     : .   (boots unavailable)
Res.Rott. : .       Flight     : .   (no amulet)
Saprovore : . . .                    y - ring of teleport control
                                     x - ring of protection from magic {unknown}

@: mildly poisoned, very slightly contaminated, quite resistant to hostile
enchantments, unstealthy
A: no striking features
a: Channel Energy, Renounce Religion, Evoke Teleport Control


You were on level 5 of the Dungeon.
You worshipped Sif Muna.
Sif Muna was pleased with you.
You were not hungry.

You visited 2 branches of the dungeon, and saw 7 of its levels.

You collected 234 gold pieces.

Inventory:

Hand weapons
 f - a +0,+0 spear (weapon)
 n - a +4,+2 dwarven dagger (quivered)
 t - a cursed -3,-1 dwarven short sword
 w - a +1,+1 long sword of slicing
Armour
 a - a +0 robe (worn)
 b - a +0 wizard hat (worn)
 q - a +0 cloak (worn)
Scrolls
 d - 2 scrolls of enchant armour {unknown}
 e - a scroll of random uselessness {unknown}
 h - a scroll of magic mapping {unknown}
 i - 5 scrolls of identify {unknown}
 j - 2 scrolls of fear {unknown}
 k - 4 scrolls of teleportation {unknown}
 l - 2 scrolls of curse armour {unknown}
 o - 2 scrolls of recharging {unknown}
 p - 2 scrolls of remove curse {unknown}
 r - a scroll of blinking {unknown}
 u - a scroll of amnesia {unknown}
 A - a scroll of immolation {unknown}
Jewellery
 x - a ring of protection from magic (left hand) {unknown}
 y - a ring of teleport control (right hand)
Potions
 g - a potion of restore abilities {unknown}
 m - 5 potions of curing {unknown}
 s - a potion of flight {unknown}
 v - a potion of speed {unknown}
 z - 2 potions of berserk rage {unknown}
Books
 c - a book of Minor Magic

   Spells                             Type                      Level
   *Magic Dart                        Conjuration                  1
   *Blink                             Translocation                2
   *Call Imp                          Summoning                    2
   Repel Missiles                     Charms/Air                   2
   Slow                               Hexes                        2
   *Conjure Flame                     Conjuration/Fire             3
   *Mephitic Cloud                    Conjuration/Poison/Air       3


   Skills:
 - Level 1.7 Dodging
 - Level 1.5 Stealth
 + Level 6.6 Spellcasting
 * Level 4.5 Conjurations
 * Level 2.8 Summonings
 + Level 1.0 Translocations
 - Level 1.1 Fire Magic
 - Level 1.2 Air Magic
 + Level 0.8 Poison Magic
 * Level 1.4 Invocations


You had 8 spell levels left.
You knew the following spells:

 Your Spells              Type           Power        Failure   Level  Hunger
a - Magic Dart            Conj           ###.         1%          1    None
b - Blink                 Tloc           N/A          12%         2    None
c - Call Imp              Summ           ###.......   6%          2    None
d - Conjure Flame         Conj/Fire      ###.....     10%         3    ##.....
e - Mephitic Cloud        Conj/Pois/Air  ###.....     14%         3    ##.....


Dungeon Overview and Level Annotations

Branches:
Dungeon (6/27)             Temple (1/1) D:4
    Orc: D:6-11

Altars:
Cheibriados
Elyvilon
Fedhas
Kikubaaqudgha
Makhleb
Nemelex Xobeh
Okawaru
Sif Muna
Trog
Vehumet
Xom
Zin
the Shining One


Message History

The water moccasin bites your white imp!
Your white imp dies!
Casting: Call Imp
Confirm with . or Enter, or press ? or * to list all spells.
Aiming: Conjure Flame
Press: ? - help, Dir - move target cursor, p - water moccasin You miscast Conjure Flame.
You are very lightly contaminated with residual magic.
You smell something strange.
The water moccasin barely misses you.
Casting: Conjure Flame
Confirm with . or Enter, or press ? or * to list all spells.
Aiming: Conjure Flame
Press: ? - help, Dir - move target cursor The fire roars!
The water moccasin bites you!
* * * LOW HITPOINT WARNING * * *
You are poisoned.
The water moccasin poisons you!
* * * LOW HITPOINT WARNING * * *
You feel sick. The water moccasin bites you.
You die...

#.......# .#
###.###.# #.#
#.# #.# #.# #.
#.# #.# #.# .
#.# #. #@# #.
#S# #. #h# #.
#.# #. ##.## #.
#...#
#######.##%..#
..![%.ยง......#
h######.######


You could see a water moccasin and a jackal.

Vanquished Creatures
  An ogre (D:5)
  3 giant frogs (D:6)
  3 orc wizards
  3 worker ants
  A gnoll (D:4)
  An adder (D:5)
  2 worms
  An ooze (D:2)
  3 orcs
  2 ball pythons
  18 bats
  6 giant cockroaches
  9 goblins
  6 hobgoblins
  3 jackals (D:5)
  9 kobolds
  4 quokkas
  9 giant newts
  15 rats
99 creatures vanquished.

Vanquished Creatures (collateral kills)
  A hound (D:6)
  2 gnolls (D:4)
  3 adders
  An ooze (D:1)
  An orc (D:6)
  A hobgoblin (D:2)
  A jackal (D:5)
  A kobold (D:2)
  A rat (D:2)
12 creatures vanquished.

Vanquished Creatures (others)
  A crimson imp (D:6)
  A shadow imp (D:4)
  2 white imps
4 creatures vanquished.

Grand Total: 115 creatures vanquished

Notes
Turn   | Place    | Note
--------------------------------------------------------------
     0 | D:1      | JogiH, the Djinni Wizard, began the quest for the Orb.
     0 | D:1      | Reached XP level 1. HP: 14/14 MP: 0/0
   239 | D:1      | Reached skill level 4 in Spellcasting
   388 | D:1      | Reached XP level 2. EP: 7/23
   477 | D:1      | Learned a level 2 spell: Blink
   480 | D:1      | Learned a level 2 spell: Call Imp
  1869 | D:2      | Reached XP level 3. EP: 15/29
  1949 | D:2      | Learned a level 3 spell: Conjure Flame
  1953 | D:2      | Learned a level 3 spell: Mephitic Cloud
  3862 | D:3      | Reached XP level 4. EP: 29/37
  4259 | D:4      | Reached skill level 5 in Spellcasting
  4580 | D:4      | Noticed a moth of wrath
  4685 | D:4      | Found a bloodstained altar of Trog.
  5240 | D:4      | Found a staircase to the Ecumenical Temple.
  5245 | Temple   | Entered the Ecumenical Temple
  5592 | Temple   | Became a worshipper of Sif Muna the Loreminder
  5668 | D:4      | Reached XP level 5. EP: 16/44
  6565 | D:5      | Entered Level 5 of the Dungeon
  6747 | D:5      | Noticed a phantom
  6769 | D:6      | Reached XP level 6. EP: 10/53
  7095 | D:6      | Reached skill level 6 in Spellcasting
  7628 | D:6      | Acquired Sif Muna's first power
  7628 | D:6      | Reached skill level 1 in Air Magic
  7827 | D:5      | Noticed an ogre
  7839 | D:5      | Killed an ogre
  7839 | D:5      | Reached skill level 1 in Fire Magic
  7839 | D:5      | Reached skill level 1 in Invocations
  7839 | D:5      | Reached XP level 7. EP: 23/59
  8221 | D:5      | HP: 2/59 [poisoned by a water moccasin]
  8221 | D:5      | Slain by a water moccasin

Action                   |  1- 3 |  4- 6 |  7- 9 || total
-------------------------+-------+-------+-------++-------
Melee: Spear             |    41 |    19 |       ||    60
 Cast: Magic Dart        |    92 |    94 |    21 ||   207
       Call Imp          |    10 |    10 |     1 ||    21
       Conjure Flame     |       |    13 |     4 ||    17
       Mephitic Cloud    |       |    11 |     1 ||    12
       Blink             |       |     1 |       ||     1
 Stab: Confused          |       |     1 |       ||     1
